 Dungeon Crawl Stone Soup version 0.25-a0-87-ga3d287b (webtiles) character file.

Game seed: 15527071479833009699, levelgen mode: deterministic

9623 BoppinsLewinski the Cleaver (level 11, -1/95 HPs)
             Began as a Yellow Draconian Fighter on Nov 11, 2019.
             Was an Elder of Wu Jian.
             Killed from afar by a manticore (15 damage)
             ... with a volley of spikes
             ... on level 2 of the Lair of Beasts.
             The game lasted 00:31:41 (11397 turns).

BoppinsLewinski the Cleaver (DrFi)                 Turns: 11397, Time: 00:31:42

Health: -1/95      AC:  8    Str: 20    XL:     11   Next: 25%
Magic:  15/15      EV: 16    Int:  8    God:    Wu Jian [****..]
Gold:   645        SH: 11    Dex: 16    Spells: 10/10 levels left

rFire    . . .     SeeInvis .   a - +1 war axe
rCold    + + .     Gourm    .   b - +0 shield
rNeg     . . .     Faith    .   (armour unavailable)
rPois    .         Spirit   .   (helmet restricted)
rElec    .         Reflect  .   x - scarf {rC+ rF+}
rCorr    +         Harm     .   (no gloves)
MR       .....                  y - +0 pair of boots
Stlth    +.........             (no amulet)
HPRegen  0.25/turn              j - +3 ring of dexterity
MPRegen  0.14/turn              i - ring of ice

@: lethally poisoned (-1 -> -7), short of breath, barbed spikes
A: spit acid, unfitting armour, cold-blooded, acid resistance, AC +7
a: Breathe Acid, Wall Jump, Serpent's Lash, Renounce Religion


You were on level 2 of the Lair of Beasts.
You worshipped Wu Jian.
Wu Jian was greatly pleased with you.
You were hungry.

You visited 3 branches of the dungeon, and saw 12 of its levels.

You collected 645 gold pieces.

Inventory:

Hand Weapons
 a - a +1 war axe (weapon)
 H - a +4 whip
Missiles
 c - 11 boomerangs
 p - 67 poisoned darts (quivered)
 D - 3 throwing nets
Armour
 b - a +0 shield (worn)
 x - a scarf of resistance (worn)
 y - a +0 pair of boots (worn)
Jewellery
 h - an uncursed ring of protection from fire
 i - a ring of ice (right hand)
 j - a +3 ring of dexterity (left hand)
 l - an uncursed ring of fire
 A - an uncursed ring of flight
 E - an uncursed amulet of magic regeneration {unknown}
 I - an uncursed ring of positive energy {unknown}
Wands
 t - a wand of random effects (9)
 K - a wand of flame (21)
Scrolls
 e - 3 scrolls of magic mapping
 f - 3 scrolls of remove curse
 k - a scroll of fog
 m - 2 scrolls of blinking {unknown}
 n - 7 scrolls of teleportation
 o - 3 scrolls of immolation
 q - a scroll of noise
 r - a scroll of amnesia {unknown}
 v - a scroll of enchant weapon
 z - a scroll of fear {unknown}
 B - a scroll of holy word {unknown}
 L - a scroll of acquirement {unknown}
Potions
 g - a potion of brilliance
 s - 3 potions of curing
 u - 2 potions of flight
 w - 2 potions of mutation
 C - a potion of ambrosia
 F - a potion of berserk rage {unknown}
 G - a potion of invisibility {unknown}
Comestibles
 d - 20 rations


   Skills:
 + Level 8.3 Fighting
 * Level 10.3 Axes
 + Level 3.2 Throwing
 + Level 7.2 Dodging
 + Level 7.8 Shields
 + Level 6.6 Evocations


You had 10 spell levels left.
You didn't know any spells.
Your spell library contained the following spells:

 Spells                   Type           Power        Failure   Level  Hunger
 Beastly Appendage        Tmut           #.....       73%         1    ##.....
 Sticks to Snakes         Tmut           #.......     86%         2    ###....
 Spider Form              Tmut/Pois      #.........   97%         3    ####...
 Ice Form                 Ice/Tmut       #.......     100%        4    #####..
 Blade Hands              Tmut           #.........   100%        5    ######.


Dungeon Overview and Level Annotations

Branches:
Dungeon (9/15)             Temple (1/1) D:4            Lair (2/6) D:8
  Swamp: Lair:2-4    Shoals: Lair:2-4     Snake: Lair:2-4    Spider: Lair:2-4
    Orc: D:9-12

Altars:
Cheibriados
Dithmenos
Fedhas
Gozag
Hepliaklqana
Kikubaaqudgha
Makhleb
Nemelex Xobeh
Qazlal
Ru
Sif Muna
Trog
Vehumet
Wu Jian
Xom
Yredelemnul
Zin
The Shining One


Innate Abilities, Weirdness & Mutations

You can spit globs of acid.
Your golden yellow scales are hard. (AC +7)
You cannot fit into any form of body armour.
You are cold-blooded and may be slowed by cold attacks.
You are resistant to acid. (rCorr)


Message History

[Y]'s or [N]o only, please.
Tha barbs in yer skin will harm ye if'n ye move.
Continue? [Y]'s or [N]o only, please.
Tha barbs in yer skin will harm ye if'n ye move.
Continue?
Okay, than.
Unknown command.
Unknown command.
Unknown command.
Unknown command.
As ye read tha scroll labeled UDDUQA LEROE, it crumbles ta dust.
It be a scroll o' enchant weapon.
Yer +0 war axe glows red fer a momn't.
Ye feel sick.
Ye block tha water moccasin's attack.
Tha polar bear barely misses ye.
Tha polar bear claws ye.
* * * LOW HITPOINT WARNIN'
* * * Ye block tha polar bear's attack.
Tha manticore flicks its tail.
Tha volley o' spikes hits ye!
Tha barbed spikes become lodged in yer body.
Ye die...

...............
.....................
#....................
#...................
#P................#. .
#................#. ..
#.................. ...
##..................
....#..@.............P..
..H...HhSP†.........##..
........?#..###.######..
..#.....##.###.## #.#
.#.....##### ### ..#
##...# #..# #.... ##
#..... #.....


You could see a manticore, a polar bear (berserk), a hippogriff and a water
moccasin.

Vanquished Creatures
  Harold (D:7)
  A black mamba (Lair:1)
  A spiny frog (Lair:1)
  A rime drake (Lair:2)
  A komodo dragon (Lair:1)
  A polar bear (D:8)
  Grinder (D:4)
  4 blink frogs (Lair:2)
  2 hippogriffs
  2 wyverns
  5 yaks (Lair:2)
  A steam dragon (D:7)
  A hungry ghost (D:7)
  2 water moccasins (Lair:1)
  2 porcupines (Lair:2)
  An orc warrior (D:8)
  4 ice beasts
  6 ogres
  2 phantoms
  A necrophage (D:7)
  3 centaurs
  6 wolves
  5 crocodiles
  10 bullfrogs
  2 scorpions
  4 killer bees (D:8)
  5 wights (D:8)
  A howler monkey (D:7)
  5 crimson imps
  A bullfrog zombie (D:8)
  A quasit (D:6)
  2 orc priests
  3 hounds
  A human zombie (D:5)
  A jelly (D:7)
  3 orc wizards
  2 bullfrog skeletons (D:8)
  Ijyb (D:4)
  6 worker ants
  2 iguanas (D:6)
  A hound zombie (D:7)
  9 adders
  7 river rats (D:5)
  2 white imps (D:8)
  An adder zombie (D:8)
  An adder skeleton (D:7)
  2 worms
  A dart slug (D:1)
  4 leopard geckos
  23 orcs
  A ball python (D:2)
  5 bats (D:3)
  18 giant cockroaches
  15 goblins
  6 hobgoblins
  11 jackals
  10 quokkas
  8 frilled lizards
  A goblin zombie (D:5)
  A jackal simulacrum (D:8)
  A jackal skeleton (D:7)
  3 kobolds
  2 quokka skeletons
  25 rats
262 creatures vanquished.

Vanquished Creatures (others)
  2 fungi (Lair:2)
  A plant (Lair:2)
3 creatures vanquished.

Grand Total: 265 creatures vanquished

Notes
Turn   | Place    | Note
-------+----------+-------------------------------------------
     0 | D:1      | BoppinsLewinski the Draconian Fighter began the quest for
                  | the Orb.
     0 | D:1      | Reached XP level 1. HP: 19/19 MP: 1/1
   134 | D:1      | Reached XP level 2. HP: 26/26 MP: 2/2
   869 | D:2      | Reached XP level 3. HP: 31/31 MP: 3/3
   954 | D:2      | Reached skill level 3 in Axes
  1041 | D:2      | Noticed a centaur
  1049 | D:2      | Reached XP level 4. HP: 40/40 MP: 4/4
  1050 | D:2      | Killed a centaur
  1050 | D:2      | Reached XP level 5. HP: 46/46 MP: 5/5
  1151 | D:2      | Found a faded altar of an unknown god.
  1525 | D:3      | Found an opulent altar of Gozag.
  2061 | D:4      | Reached skill level 4 in Axes
  2403 | D:4      | Noticed an ogre
  2411 | D:4      | Killed an ogre
  2411 | D:4      | Reached skill level 1 in Evocations
  2411 | D:4      | Reached XP level 6. HP: 10/53 MP: 6/6
  2797 | D:4      | Noticed Grinder
  2817 | D:4      | Paralysed by Grinder for 4 turns
  2832 | D:4      | Killed Grinder
  2832 | D:4      | Your scales start taking on a golden yellow colour.
  2832 | D:4      | Reached XP level 7. HP: 41/60 MP: 6/8
  2832 | D:4      | Gained mutation: You are resistant to acid. (rCorr) [Yellow
                  | Draconian growth]
  3181 | D:4      | Found a staircase to the Ecumenical Temple.
  3189 | D:4      | Noticed a wyvern
  3196 | D:4      | Killed a wyvern
  3196 | D:4      | Reached skill level 5 in Axes
  3201 | Temple   | Entered the Ecumenical Temple
  3273 | Temple   | Became a worshipper of the Wu Jian Council
  3376 | D:4      | Noticed Ijyb
  3394 | D:4      | Killed Ijyb
  3483 | D:4      | Reached skill level 5 in Fighting
  3610 | D:4      | Found a shadowy altar of Dithmenos.
  3655 | D:5      | Entered Level 5 of the Dungeon
  3682 | D:5      | Found a runed translucent door.
  3682 | D:5      | Noticed a human
  3827 | D:5      | Reached * piety under Wu Jian
  4224 | D:5      | Reached XP level 8. HP: 68/68 MP: 10/10
  4256 | D:5      | Found a basalt altar of Yredelemnul.
  4272 | D:5      | Reached skill level 6 in Axes
  4447 | D:6      | Reached skill level 5 in Shields
  4486 | D:6      | Reached ** piety under Wu Jian
  4592 | D:6      | Reached skill level 5 in Dodging
  5188 | D:6      | Reached skill level 7 in Axes
  5553 | D:7      | Reached XP level 9. HP: 75/75 MP: 11/11
  5643 | D:7      | Noticed Harold
  5676 | D:7      | Killed Harold
  5676 | D:7      | Reached skill level 8 in Axes
  5882 | D:7      | Reached *** piety under Wu Jian
  6087 | D:7      | Reached skill level 5 in Evocations
  6572 | D:8      | Found a stormy altar of Qazlal.
  6592 | D:8      | Reached XP level 10. HP: 75/85 MP: 13/13
  7258 | D:7      | Reached skill level 9 in Axes
  8195 | D:8      | Found a sacrificial altar of Ru.
  8435 | D:8      | Found a staircase to the Lair.
  8505 | D:7      | Reached skill level 1 in Throwing
  8678 | D:8      | Reached **** piety under Wu Jian
  9113 | Lair:1   | Entered Level 1 of the Lair of Beasts
  9260 | Lair:1   | Noticed a black mamba
  9278 | Lair:1   | Killed a black mamba
  9523 | Lair:1   | Noticed a spiny frog
  9560 | Lair:1   | Killed a spiny frog
 10330 | Lair:2   | Reached skill level 10 in Axes
 10375 | Lair:2   | Reached XP level 11. HP: 56/94 MP: 15/15
 11397 | Lair:2   | Killed from afar by a manticore

Levels and vault maps discovered:
D:1:      dpeg_arrival_rhombi, layout_basic
D:2:      minmay_roachtagon, layout_rooms, chequers_ecumenical_altar_twisty,
          corner_web_ring
D:3:      layout_rooms, grunt_gozag_breadcrumbs
D:4:      kennysheep_the_goblin_king, layout_loops_cross, temple_green,
          first_ration, grunt_dithmenos_shadows, uniq_grinder
D:5:      lemuel_ratsnest, layout_cave_pools, dk_yredelemnul_ordeal
D:6:      layout_cave_pools
D:7:      layout_gridville, grunt_ogre_cave, chequers_serial_rivers_small_a,
          minmay_misc_feat_iff, uniq_harold
D:8:      layout_layer_cave, marbit_many_paths, nicolae_overflow_crystal_walls,
          lair_entry_dummy, serial_ice, serial_ice_h, serial_ice_o,
          serial_ice_c, serial_ice_e, serial_ice_k
D:9:      layout_irregular_city, orc_0_dummy, minivault_24,
          kennysheep_generic_room_9, uniq_pikel
Temple:   regret_index_temple_chain_breaker
Lair:1:   layout_regular_city
Lair:2:   layout_cave_pods, minmay_shoals_entry_beasts, roderic_batcave,
          beast_lair_carwin_1, serial_bayou_shore_b, serial_bayou_shore_b

Skill      XL: |  1  2  3  4  5  6  7  8  9 10 11 |
---------------+----------------------------------+-----
Dodging        | 3 4 5 6 7 |  7.2
Axes           | 3 4 5 7 8 10 | 10.3
Fighting       | 4 5 6 7 8 |  8.3
Shields        | 4 5 6 7 |  7.8
Evocations     | 1 2 3 5 6 |  6.6
Throwing       | 2 3 |  3.2

Action                   |  1- 3 |  4- 6 |  7- 9 | 10-12 || total
-------------------------+-------+-------+-------+-------++-------
Melee: War axe           |    67 |   135 |   431 |   368 ||  1001
       Tailslap          |     5 |    14 |    55 |    49 ||   123
       Unarmed           |       |     7 |    24 |       ||    31
Throw: Dart              |       |       |       |    17 ||    17
       Throwing net      |       |       |       |     2 ||     2
Invok: Lunge             |       |       |    22 |    11 ||    33
       Whirlwind         |       |       |    36 |    54 ||    90
       Serpent's Lash    |       |       |       |     1 ||     1
 Abil: Breathe Acid      |       |       |     4 |     2 ||     6
       Wall Jump         |       |       |     1 |     1 ||     2
Evoke: Wand              |       |     3 |    11 |     9 ||    23
  Use: Potion            |     3 |     1 |     4 |     3 ||    11
       Scroll            |       |       |    12 |     3 ||    15
 Stab: Sleeping          |       |     1 |     2 |     3 ||     6
       Distracted        |       |       |     1 |       ||     1
  Eat: Chunk             |       |     4 |    10 |     5 ||    19
       Ration            |       |     1 |     2 |     3 ||     6
Armor: Skin              |    27 |    46 |   100 |    78 ||   251
Dodge: Dodged            |    42 |    87 |   192 |   201 ||   522
Block: Shield            |    41 |    81 |   232 |   259 ||   613

Table legend:
 A = Non-vault XP
 B = Vault XP
 C = Vault XP percentage of total XP
 D = Non-vault monster count
 E = Vault monster count
 F = Vault count percentage of total count
                 A         B        C        D         E       F
            +---------+---------+-------+---------+---------+-------
      Total |   10867 |    2881 |  21.0 |     187 |      75 |  28.6
            +---------+---------+-------+---------+---------+-------
        D:1 |      17 |       0 |   0.0 |       9 |       0 |   0.0
        D:2 |     187 |      26 |  12.2 |      14 |      13 |  48.1
        D:3 |      70 |       0 |   0.0 |      31 |       0 |   0.0
        D:4 |     513 |     449 |  46.7 |       7 |       9 |  56.2
        D:5 |      78 |     171 |  68.7 |       6 |      39 |  86.7
        D:6 |    1173 |       0 |   0.0 |      31 |       0 |   0.0
        D:7 |    1117 |    1202 |  51.8 |      26 |       3 |  10.3
        D:8 |    1624 |     700 |  30.1 |      32 |       8 |  20.0
     Lair:1 |    2257 |       0 |   0.0 |      11 |       0 |   0.0
     Lair:2 |    3831 |     333 |   8.0 |      20 |       3 |  13.0
            +---------+---------+-------+---------+---------+-------
